AoeStats
← Kaos

Black Forest

503676286Analyzed
2v2 RM · 1mo ago on Sep 1, 2026· 75m 22s· 4 players
Game mode
Random Map
Map size
Medium (4 player)
Population
200
Speed
Normal
Resources
Standard
Victory
Conquest
Starting age
Dark Age
Ending age
Imperial Age
RankedLock teamsTeams togetherTeam positionsShared explorationLock speedFull tech treeHidden civsTurbo modeCheats
Victory
Defeat
🇸🇮 Celts · Slovenia
848
+16
🇹🇷 Persians · Türkiye
823
+17
🇳🇴 Gurjaras · Norway
859
-17
🇳🇴 Spanish · Norway
841
-16
bibi
0:28 Loom
14:13 Feudal Age
17:02 Double-Bit Axe
19:33 Horse Collar
24:28 Castle Age
22:00 Man-at-Arms
22:28 Arson
23:01 Scale Mail Armor
23:44 Forging
25:40 Chain Mail Armor
26:01 Iron Casting
26:48 Gambesons
27:31 Pikeman
29:20 Bow Saw
31:40 Murder Holes
31:33 Treadmill Crane
34:22 Stronghold
34:10 Long Swordsman
38:47 Imperial Age
36:53 Wheelbarrow
36:05 Town Watch
36:22 Heavy Plow
38:49 Heavy Scorpion
38:54 Capped Ram
39:07 Sappers
40:13 Hoardings
39:34 Two-Handed Swordsman
40:24 Gold Mining
40:30 Stone Mining
42:09 Chemistry
40:45 Siege Ram
43:14 Blast Furnace
42:46 Plate Mail Armor
43:51 Gold Shaft Mining
43:53 Stone Shaft Mining
43:38 Hand Cart
44:19 Town Patrol
45:06 Onager
45:58 Furor Celtica
46:07 Halberdier
47:30 Siege Engineers
48:41 Conscription
50:49 Siege Onager
52:12 Siege Onager
54:36 Elite Woad Raider
68:25 Champion
76:02 Coinage
Morias1stt
0:31 Loom
13:36 Feudal Age
14:32 Double-Bit Axe
19:43 Castle Age
18:26 Stone Mining
18:31 Gold Mining
18:53 Horse Collar
19:45 Elite Skirmisher
32:58 Imperial Age
30:15 Town Watch
31:07 Bow Saw
31:09 Padded Archer Armor
34:15 Chemistry
33:39 Ballistics
33:43 Conscription
33:33 Thumb Ring
33:46 Leather Archer Armor
33:22 Fletching
33:44 Forging
33:42 Caravan
36:07 Wheelbarrow
36:03 Heavy Plow
36:06 Light Cavalry
36:57 Bloodlines
37:19 Hussar
38:30 Kamandaran
38:54 Scale Barding Armor
39:25 Iron Casting
40:09 Hand Cart
41:48 Elite War Elephant
43:06 Bodkin Arrow
42:45 Crossbowman
44:23 Crop Rotation
44:46 Ring Archer Armor
45:17 Blast Furnace
44:42 Husbandry
46:53 Two-Man Saw
49:04 Murder Holes
49:20 Masonry
51:08 Chain Barding Armor
53:54 Devotion
55:32 Fervor
69:06 Plate Barding Armor
73:01 Citadels
Kaos
0:29 Loom
14:29 Feudal Age
15:43 Double-Bit Axe
19:48 Castle Age
18:03 Horse Collar
21:37 Caravan
23:06 Bow Saw
23:40 Wheelbarrow
26:36 Husbandry
27:57 Heavy Plow
30:32 Redemption
32:07 Bloodlines
34:38 Imperial Age
33:23 Hand Cart
33:59 Scale Barding Armor
33:45 Fletching
33:56 Padded Archer Armor
34:40 Ballistics
34:36 Fortified Wall
35:33 Bloodlines
36:08 Guilds
37:30 Chemistry
37:12 Conscription
36:29 Cavalier
38:26 Elite Conquistador
38:53 Town Watch
40:28 Two-Man Saw
41:04 Gold Mining
41:44 Paladin
42:49 Chain Barding Armor
42:45 Forging
42:52 Leather Archer Armor
45:21 Iron Casting
45:23 Plate Barding Armor
44:49 Murder Holes
49:20 Blast Furnace
48:52 Ring Archer Armor
49:53 Town Patrol
57:11 Pikeman
57:51 Squires
58:05 Halberdier
60:56 Supremacy
A.haug
0:29 Loom
15:29 Feudal Age
19:17 Castle Age
18:30 Wheelbarrow
17:53 Double-Bit Axe
18:50 Wheelbarrow
19:02 Stone Mining
26:53 Caravan
26:59 Gold Mining
29:57 Gold Shaft Mining
30:28 Bow Saw
31:01 Forging
30:52 Padded Archer Armor
30:53 Scale Mail Armor
32:18 Coinage
31:55 Horse Collar
36:35 Imperial Age
35:03 Murder Holes
35:18 Fortified Wall
36:17 Stone Shaft Mining
37:06 Husbandry
37:16 Bloodlines
37:38 Conscription
37:29 Kshatriyas
37:58 Hand Cart
37:29 Town Watch
40:23 Heavy Plow
41:34 Iron Casting
41:14 Chain Mail Armor
41:05 Scale Barding Armor
42:04 Chemistry
41:24 Ballistics
42:46 Elite Shrivamsha Rider
45:33 Banking
44:30 Elite Elephant Archer
45:16 Thumb Ring
45:46 Plate Mail Armor
45:37 Chain Barding Armor
45:32 Leather Archer Armor
45:08 Fletching
44:43 Onager
45:51 Frontier Guards
45:45 Town Patrol
45:18 Elite Skirmisher
46:45 Treadmill Crane
46:40 Heavy Camel Rider
46:43 Light Cavalry
47:56 Crop Rotation
48:13 Elite Chakram Thrower
53:53 Onager
64:21 Hussar
Connection lost

Rejoining the realm…

Still unreachable

The connection could not be restored.

Session expired

The server has moved on; the page needs a fresh start.